 Dungeon Crawl Stone Soup version 0.22.0-40-g68aacdc (webtiles) character file.

16480 shadizar the Destroyer (level 12, -1/75 HPs)
             Began as a Gargoyle Fire Elementalist on Sept 2, 2018.
             Was an Elder of Vehumet.
             Slain by a freezing wraith (19 damage)
             ... led by a death knight
             ... on level 12 of the Dungeon.
             The game lasted 00:43:02 (12432 turns).

shadizar the Destroyer (GrFE)                      Turns: 12432, Time: 00:43:03

Health: -1/75      AC: 28    Str: 13    XL:     12   Next: 38%
Magic:  4/32       EV: 17    Int: 30    God:    Vehumet [****..]
Gold:   686        SH:  0    Dex: 10    Spells: 13/26 levels left

rFire    . . .     SeeInvis +   w - +2 flail (protect)
rCold    . . .     Gourm    .   (no shield)
rNeg     + . .     Faith    .   H - +3 troll leather armour {Snorg}
rPois    ∞         Spirit   .   o - +1 helmet
rElec    +         Reflect  .   E - +0 cloak
rCorr    .         Harm     .   y - +0 pair of gloves
MR       .....                  (no boots)
Stlth    +++.......             (no amulet)
HPRegen  0.62/turn              u - ring of magical power
MPRegen  0.23/turn              s - ring "Igaun" {*Drain rPois EV+4 Int+10 SInv}

@: protection aura, slowed, very slow
A: negative energy resistance 1, electricity resistance, unbreathing,
petrification resistance, rot immunity, AC +8
a: Renounce Religion


You were on level 12 of the Dungeon.
You worshipped Vehumet.
Vehumet was greatly pleased with you.
You were not hungry.

You visited 2 branches of the dungeon, and saw 13 of its levels.

You collected 686 gold pieces.

Inventory:

Hand Weapons
 p - a +3 hunting sling
 w - a +2 flail of protection (weapon)
 x - a +1 dire flail of venom
 z - a +0 broad axe
 N - a +0 executioner's axe
Missiles
 g - 337 stones (quivered)
Armour
 a - a +0 robe
 b - a +0 ring mail
 o - a +1 helmet (worn)
 r - a +0 leather armour
 y - a +0 pair of gloves (worn)
 E - a +0 cloak (worn)
 H - a +3 troll leather armour (worn) {Snorg}
 R - a +0 leather armour of fire resistance
Jewellery
 j - an uncursed ring of ice
 s - the ring "Igaun" (right hand) {*Drain rPois EV+4 Int+10 SInv}
   (You acquired it on level 6 of the Dungeon)

   [ring of evasion]

   It affects your evasion (+4).
   It affects your intelligence (+10).
   It protects you from poison.
   It lets you see invisible.
   It causes draining when unequipped.
 u - a ring of magical power (left hand)
 B - an uncursed amulet of harm
Wands
 A - a wand of random effects (19)
 F - a wand of flame (44)
 J - a wand of iceblast (11)
 O - a wand of enslavement (15)
 Q - a wand of paralysis (10)
Scrolls
 d - 2 scrolls of amnesia
 e - 5 scrolls of teleportation
 m - 3 scrolls of enchant armour
 v - a scroll of blinking {unknown}
 C - 4 scrolls of identify
 D - 2 scrolls of fear
 L - 3 scrolls of remove curse
 M - a scroll of magic mapping {unknown}
 P - a scroll of fog {unknown}
Potions
 f - 3 potions of heal wounds
 h - 2 potions of resistance
 i - 2 potions of ambrosia
 k - 3 potions of might {unknown}
 l - 2 potions of lignification {unknown}
 n - 3 potions of magic {unknown}
 q - a potion of brilliance {unknown}
 t - a potion of mutation {unknown}
 G - a potion of haste {unknown}
 I - a potion of flight {unknown}
Miscellaneous
 K - a lamp of fire
Comestibles
 c - 11 rations
 S - 8 chunks of flesh


   Skills:
 + Level 8.4 Fighting
 + Level 7.6 Maces & Flails
 - Level 5.5 Armour
 + Level 4.2 Dodging
 + Level 5.9 Stealth
 + Level 7.6 Spellcasting
 + Level 8.7 Conjurations
 + Level 8.5 Fire Magic
 + Level 4.0 Evocations


You had 13 spell levels left.
You knew the following spells:

 Your Spells              Type           Power        Failure   Level  Hunger
a - Flame Tongue          Conj/Fire      #####        1%          1    None
b - Conjure Flame         Conj/Fire      ######..     1%          3    None
c - Sticky Flame          Conj/Fire      ######..     1%          4    #......
d - Fireball              Conj/Fire      ######....   1%          5    ####...

Your spell library contained the following spells:

 Spells                   Type           Power        Failure   Level  Hunger
 Iskenderun's Mystic Bla  Conj           ######..     1%          4    #......
 Throw Flame              Conj/Fire      ######       1%          2    None
 Inner Flame              Hex/Fire       #####...     1%          3    None
 Confusing Touch          Hex            ##....       5%          1    None
 Confuse                  Hex            ##......     16%         3    None
 Gell's Gravitas          Tloc           ##........   16%         3    None
 Yara's Violent Unravell  Hex/Tmut       ##........   36%         5    ####...
 Petrify                  Tmut/Erth      ##......     47%         4    #......
 Metabolic Englaciation   Hex/Ice        ##........   83%         5    ####...


Dungeon Overview and Level Annotations

Branches:
Dungeon (12/15)            Temple (1/1) D:5            Lair (0/6) D:11
    Orc (0/2) D:12

Altars:
Ashenzari
Cheibriados
Dithmenos
Elyvilon
Fedhas
Gozag
Hepliaklqana
Kikubaaqudgha
Makhleb
Nemelex Xobeh
Okawaru
Qazlal
Ru
Sif Muna
Trog
Uskayaw
Vehumet
Wu Jian
Xom
Yredelemnul
Zin
The Shining One

Annotations:
D:3 Sigmund
D:8 1 runed door


Innate Abilities, Weirdness & Mutations

You are resistant to torment.
Your stone body is resilient. (AC +8)
You are immune to poison.
You resist negative energy. (rN+)
You are resistant to electric shocks. (rElec)
You can survive without breathing.
You are immune to petrification.
You are immune to rotting.


Message History

Your weapon exudes an aura of protection.
The freezing wraith is severely damaged.
The freezing wraith hits you but does no damage. x2
You hit the freezing wraith.
The freezing wraith is severely damaged.
The freezing wraith hits you. The freezing wraith freezes you!!
The freezing wraith closely misses you.
You closely miss the freezing wraith.
The freezing wraith is severely damaged.
The freezing wraith hits you! The freezing wraith freezes you!
* * * LOW HITPOINT WARNING * * *
The freezing wraith hits you.
* * * LOW HITPOINT WARNING * * *
The freezing wraith drains your vigour!
You feel yourself slow down.
Unknown command.
Unknown command.
You feel much better. The freezing wraith hits you.
* * * LOW HITPOINT WARNING * * *
The freezing wraith freezes you!!
You die...

# .# .# .# ..#
#.################..#
....................####
....#####.......@W......
.8......#...............
........#.##############
........#.# #..# ..........# #..#
.>.....8..# #..# .........## #..#
........## #..######
........#################........


You could see a freezing wraith.

Vanquished Creatures
  Snorg (D:10)
  A hydra (D:11)
  A two-headed ogre (D:9)
  Sonja (D:10)
  5 skeletal warriors
  4 ugly things
  A gargoyle (D:10)
  A komodo dragon (D:12)
  2 trolls (D:9)
  A hornet (D:10)
  A meliai zombie (D:12)
  3 hippogriffs
  A shadow (D:12)
  A spriggan (D:12)
  2 vampires
  2 wyverns (D:10)
  A human (D:12)
  A basilisk (D:12)
  2 hungry ghosts
  Edmund (D:5)
  A soldier ant (D:11)
  Duvessa (D:7)
  2 acid dragons
  3 ice beasts
  2 orc warriors
  8 ogres
  2 sky beasts
  6 centaurs
  2 phantoms
  3 crocodiles
  2 big kobolds
  5 bullfrogs
  A wyvern zombie (D:11)
  Dowan (D:7)
  A water moccasin zombie (D:9)
  2 troll zombies (D:12)
  4 scorpions
  17 killer bees
  2 howler monkeys
  5 crimson imps
  4 bullfrog zombies
  A centaur zombie (D:6)
  A quasit (D:9)
  7 hounds
  3 orc priests
  2 centaur skeletons
  2 jellies
  6 orc wizards
  3 bullfrog skeletons
  10 worker ants
  3 iguanas
  6 ogre zombies (D:12)
  2 worker ant zombies (D:6)
  7 adders
  2 shadow imps
  An ooze (D:1)
  An adder skeleton (D:4)
  3 worms
  4 leopard geckos
  28 orcs
  3 ball pythons
  3 giant cockroaches
  4 goblins
  8 hobgoblins
  16 jackals
  17 kobolds
  3 quokkas
  5 bats
  3 frilled lizards
  2 goblin skeletons (D:12)
  3 goblin zombies (D:12)
  2 hobgoblin skeletons (D:12)
  2 hobgoblin zombies (D:12)
  3 leopard gecko skeletons
  A leopard gecko zombie (D:9)
  2 orc skeletons (D:12)
  12 orc zombies (D:12)
  2 quokka skeletons
  7 rats
297 creatures vanquished.

Vanquished Creatures (others)
  A wyvern skeleton (D:12)
  An orc (D:12)
  An orc skeleton (D:12)
  An orc zombie (D:12)
4 creatures vanquished.

Grand Total: 301 creatures vanquished

Notes
Turn   | Place    | Note
-------+----------+-------------------------------------------
     0 | D:1      | shadizar the Gargoyle Fire Elementalist began the quest for the Orb.
     0 | D:1      | Reached XP level 1. HP: 10/10 MP: 3/3
   240 | D:1      | Reached XP level 2. HP: 16/16 MP: 3/5
   377 | D:1      | Reached skill level 1 in Fighting
   558 | D:1      | Reached XP level 3. HP: 7/20 MP: 3/6
  1117 | D:2      | HP: 1/20 [worker ant (1)]
  1118 | D:2      | Reached XP level 4. HP: 1/26 MP: 0/7
  1439 | D:2      | Noticed a hand axe
  1439 | D:2      | Noticed a dagger
  1440 | D:2      | Found a hide-covered altar of Uskayaw.
  1822 | D:3      | Noticed Sigmund
  2567 | D:3      | Reached XP level 5. HP: 27/30 MP: 7/9
  2988 | D:3      | Found a bloodstained altar of Trog.
  3025 | D:4      | Noticed a centaur
  3291 | D:4      | Killed a centaur
  3291 | D:4      | Reached XP level 6. HP: 36/36 MP: 6/10
  3325 | D:4      | Reached skill level 1 in Maces & Flails
  3507 | D:4      | Learned a level 3 spell: Conjure Flame
  3743 | D:4      | Learned a level 4 spell: Sticky Flame
  3746 | D:4      | Reached XP level 7. HP: 41/41 MP: 8/12
  4527 | D:5      | Entered Level 5 of the Dungeon
  4779 | D:5      | Reached skill level 1 in Armour
  5050 | D:5      | Noticed Edmund
  5067 | D:5      | Killed Edmund
  5067 | D:5      | Reached XP level 8. HP: 48/48 MP: 9/14
  5091 | D:5      | Reached skill level 5 in Fire Magic
  5319 | D:5      | Found a staircase to the Ecumenical Temple.
  5327 | Temple   | Entered the Ecumenical Temple
  5346 | Temple   | Became a worshipper of Vehumet
  5875 | D:5      | Found a sparkling altar of Nemelex Xobeh.
  5877 | D:5      | Found an opulent altar of Gozag.
  6355 | D:6      | Reached skill level 5 in Conjurations
  6454 | D:6      | Reached skill level 5 in Fighting
  6491 | D:6      | Reached XP level 9. HP: 54/54 MP: 12/16
  6578 | D:6      | Identified a scroll of acquirement
  6581 | D:6      | Got a fine iron ring
  6583 | D:6      | Identified the ring "Igaun" {*Drain rPois EV+4 Int+10 SInv} (You acquired it on level 6 of the Dungeon)
  6709 | D:6      | Learned a level 5 spell: Fireball
  6810 | D:7      | Reached skill level 5 in Spellcasting
  6818 | D:7      | Found a snail-covered altar of Cheibriados.
  6934 | D:7      | Reached * piety under Vehumet
  6934 | D:7      | Offered knowledge of Shock by Vehumet.
  7126 | D:7      | Noticed Duvessa
  7126 | D:7      | Noticed Dowan
  7131 | D:7      | Killed Duvessa
  7135 | D:7      | Killed Dowan
  7713 | D:8      | Found a runed door.
  7715 | D:8      | Noticed a sixfirhy
  7805 | D:8      | Found an ancient bone altar of Kikubaaqudgha.
  7805 | D:8      | Found a stormy altar of Qazlal.
  7805 | D:8      | Found a basalt altar of Yredelemnul.
  7805 | D:8      | Found a blossoming altar of Fedhas.
  7818 | D:8      | Found a hazy altar of Hepliaklqana.
  7818 | D:8      | Found a shimmering altar of Xom.
  7903 | D:8      | Found a deep blue altar of Sif Muna.
  8184 | D:9      | Noticed a troll
  8199 | D:9      | Killed a troll
  8199 | D:9      | Reached skill level 5 in Maces & Flails
  8260 | D:9      | Noticed a two-headed ogre
  8270 | D:9      | Killed a two-headed ogre
  8270 | D:9      | Reached skill level 5 in Armour
  8270 | D:9      | Reached XP level 10. HP: 61/61 MP: 15/19
  8880 | D:9      | Reached ** piety under Vehumet
  8880 | D:9      | Offered knowledge of Magic Dart by Vehumet.
  9119 | D:10     | Entered Level 10 of the Dungeon
  9326 | D:10     | Noticed Sonja
  9417 | D:10     | Killed Sonja
  9417 | D:10     | Reached skill level 1 in Evocations
  9524 | D:10     | Noticed Snorg
  9536 | D:10     | Killed Snorg
  9536 | D:10     | Reached XP level 11. HP: 10/67 MP: 7/21
  9804 | D:10     | Offered knowledge of Dazzling Spray by Vehumet.
 10315 | D:11     | Reached *** piety under Vehumet
 10340 | D:11     | Found a staircase to the Lair.
 10359 | D:11     | Noticed a green ugly thing
 10363 | D:11     | Killed a green ugly thing
 10760 | D:11     | Noticed a seven-headed hydra
 10767 | D:11     | Noticed a cyan ugly thing
 10767 | D:11     | Killed a seven-headed hydra
 10966 | D:11     | Killed a cyan ugly thing
 11109 | D:12     | Noticed a purple ugly thing
 11115 | D:12     | Killed a purple ugly thing
 11121 | D:12     | Noticed a skeletal warrior
 11132 | D:12     | Noticed a skeletal warrior
 11135 | D:12     | Noticed a skeletal warrior
 11140 | D:12     | Killed a skeletal warrior
 11140 | D:12     | Reached skill level 5 in Stealth
 11165 | D:12     | Noticed a skeletal warrior
 11166 | D:12     | Noticed a skeletal warrior
 11190 | D:11     | Killed a skeletal warrior
 11285 | D:11     | Killed a skeletal warrior
 11285 | D:11     | Offered knowledge of Airstrike by Vehumet.
 11319 | D:12     | Killed a skeletal warrior
 11319 | D:12     | Reached XP level 12. HP: 73/73 MP: 16/23
 11518 | D:12     | Reached **** piety under Vehumet
 11866 | D:12     | Offered knowledge of Iskenderun's Mystic Blast by Vehumet.
 12062 | D:12     | Found a staircase to the Orcish Mines.
 12432 | D:12     | Slain by a freezing wraith

Skill      XL: |  1  2  3  4  5  6  7  8  9 10 11 12 |
---------------+-------------------------------------+-----
Fighting       | 1 2 3 4 5 6 7 8 |  8.4
Conjurations   | 2 3 4 5 6 7 8 |  8.7
Spellcasting   | 3 4 6 7 |  7.6
Fire Magic     | 4 5 6 7 8 |  8.5
Maces & Flails | 1 2 3 5 6 7 |  7.6
Armour         | 1 3 5 |  5.5
Dodging        | 2 3 4 |  4.2
Stealth        | 3 5 |  5.9
Evocations     | 2 3 4 |  4.0

Action                   |  1- 3 |  4- 6 |  7- 9 | 10-12 || total
-------------------------+-------+-------+-------+-------++-------
Melee: Mace              |    64 |    31 |   116 |       ||   211
       Flail             |       |       |    60 |   242 ||   302
 Cast: Flame Tongue      |    25 |    87 |   178 |    87 ||   377
       Conjure Flame     |       |     1 |    11 |     7 ||    19
       Sticky Flame      |       |       |    10 |   107 ||   117
       Fireball          |       |       |    14 |    47 ||    61
  Use: Potion            |     2 |       |     1 |     1 ||     4
       Scroll            |       |       |    10 |       ||    10
 Stab: Sleeping          |     2 |     2 |     1 |       ||     5
  Eat: Chunk             |       |     9 |    11 |    26 ||    46
       Ration            |       |       |     3 |     1 ||     4
Armor: Robe              |    41 |    40 |    90 |       ||   171
       Leather armour    |       |       |    29 |    28 ||    57
       Troll leather arm |       |       |       |   128 ||   128
Dodge: Dodged            |    72 |    45 |   215 |   302 ||   634
